 Seeded DCSS version 0.30-a0-1008-g30c9307041 (webtiles) character file.

Game seed: 14080597689618016214 (custom seed)

14346 GigaChad the Cleaver (level 12, -22/74 (98) HPs)
             Began as a Formicid Fighter on Apr 5, 2023.
             Was an Initiate of Gozag.
             Annihilated by Rupert
             ... wielding a +3 great mace of draining
              (27 damage)
             ... on level 14 of the Dungeon.
             The game lasted 00:16:54 (10725 turns).

GigaChad the Cleaver (Formicid Fighter)            Turns: 10725, Time: 00:17:11

HP:   -22/74 (98)   AC: 20    Str: 32    XL:     12   Next: 44%
MP:   12/12         EV: 11    Int:  8    God:    Gozag
Gold: 2523          SH:  8    Dex: 13    Spells: 11/11 levels left

rFire   . . .      SeeInvis +    n - +2 executioner's axe of Qomeab {vamp, rC+ Stlth+}
rCold   + . .      Faith    .    D - +1 buckler {AC+3}
rNeg    . . .      Spirit   .    G - +0 swamp dragon scales
rPois   +          Reflect  .    (helmet unavailable)
rElec   .          Rampage  .    M - +2 cloak
rCorr   .                        (no gloves)
Will    +....                    (no boots)
Stlth   ++                       (no amulet)
HPRegen 0.32/turn                h - +4 ring of protection
MPRegen 0.13/turn                q - +6 ring of strength

@: heavily drained
A: permanent stasis, dig shafts and tunnels, antennae 3, four strong arms
a: Dig, Shaft Self, Renounce Religion, Potion Petition, Call Merchant, Bribe
Branch


You were on level 14 of the Dungeon.
You worshipped Gozag.
Gozag was most pleased with you.
You visited 2 branches of the dungeon, and saw 14 of its levels.

You collected 3398 gold pieces.
You spent 51 gold pieces at shops.
You paid 824 gold pieces to Gozag.

Inventory:

Hand Weapons
 a - a +0 war axe of draining
 l - a +9 heavy battleaxe
 n - the +2 executioner's axe of Qomeab (weapon) {vamp, rC+ Stlth+}
   (You acquired it on level 9 of the Dungeon)

   rC:        It protects you from cold.
   Stlth:     It makes you more stealthy.
Missiles
 x - 2 throwing nets
Armour
 b - a +0 scale mail
 c - a +0 buckler
 i - a +0 chain mail
 k - a +4 plate armour of willpower
 z - a +8 chain mail of ponderousness
 D - a +1 buckler of protection (worn)
 E - a +0 plate armour
 G - +0 swamp dragon scales (worn)
 M - a +2 cloak (worn)
Jewellery
 h - a +4 ring of protection (left hand)
 q - a +6 ring of strength (right hand)
 y - a ring of magical power
 F - a ring of wizardry
Wands
 s - a wand of polymorph (7)
 I - a wand of paralysis (5)
 K - a wand of digging (3)
Scrolls
 j - 3 scrolls of poison
 m - 5 scrolls of immolation
 p - 3 scrolls of vulnerability
 t - 3 scrolls of noise
 v - a scroll of summoning
 w - 7 scrolls of fog
 H - 6 scrolls of identify
 N - a scroll of fear {unknown}
Potions
 d - 3 potions of might
 e - 11 potions of curing
 f - 2 potions of flight {unknown}
 g - 7 potions of brilliance {unknown}
 o - 5 potions of attraction {unknown}
 r - 4 potions of heal wounds {unknown}
 u - a potion of ambrosia {unknown}
 A - 2 potions of lignification {unknown}
 B - 3 potions of mutation {unknown}
 C - 2 potions of resistance {unknown}
 J - a potion of degeneration {unknown}
 O - 2 potions of magic {unknown}


   Skills:
 * Level 10.5 Fighting
 + Level 12.8 Axes
 * Level 9.9 Armour
 - Level 1.0 Dodging
 - Level 0.2 Stealth
 * Level 10.9 Shields


You had 11 spell levels left.
You didn't know any spells.
Your spell library contained the following spells:

 Spells                   Type           Power      Damage    Failure   Level
 Slow                     Hex            0%         N/A       54%         1
 Sting                    Tmut/Pois      0%         1d3       54%         1
 Lesser Beckoning         Tloc           0%         N/A       69%         2
 Poisonous Vapours        Pois/Air       0%         N/A       69%         2
 Confusing Touch          Hex            0%         N/A       89%         3
 Gell's Gravitas          Tloc           0%         N/A       89%         3
 Teleport Other           Tloc           0%         N/A       89%         3
 Vampiric Draining        Necr           0%         2d6       89%         3
 Anguish                  Hex/Necr       0%         N/A       100%        4
 Olgreb's Toxic Radiance  Pois           0%         N/A       100%        4
 Passage of Golubria      Tloc           0%         N/A       100%        4
 Silence                  Hex/Air        0%         N/A       100%        5
 Enfeeble                 Hex            0%         N/A       100%        7
 Lehudib's Crystal Spear  Conj/Erth      0%         10d2      100%        8


Dungeon Overview and Level Annotations

Branches:
Dungeon (12/15)            Temple (1/1) D:6            Lair (0/5) D:10
    Orc (0/2) D:11

Altars:
Ashenzari
Cheibriados
Elyvilon
Fedhas
Gozag
Kikubaaqudgha
Makhleb
Nemelex Xobeh
Okawaru
Ru
Sif Muna
Trog
Uskayaw
Vehumet
Wu Jian
Xom
Yredelemnul
Zin
The Shining One

Shops:
D:6 ![:*   D:9 =   D:11 [

Annotations:
D:9 1 runed translucent door, patfeehan111222's ghost, novice MiBe
D:14 Rupert


Innate Abilities, Weirdness & Mutations

You cannot be hasted, slowed, berserked, paralysed or teleported.
You can dig through walls and to a lower floor.
You have a pair of large antennae on your head. (SInv)
Your four strong arms can wield two-handed weapons with a shield.


Message History

Rupert shouts!
Rupert hits you with a +3 great mace of draining!
You feel drained.
You closely miss Rupert. Rupert hits you but does no damage.
You feel drained.
You slice Rupert like a ripe choko!!!
Rupert is moderately wounded.
You block Rupert's attack.
You closely miss Rupert.
Rupert is moderately wounded.
Rupert hits you with a +3 great mace of draining.
You feel drained.
You closely miss Rupert.
Rupert is moderately wounded.
You block Rupert's attack.
Rupert hits you with a +3 great mace of draining!
You feel drained.
You closely miss Rupert.
Rupert is moderately wounded.
Rupert roars madly and goes into a rage!
Rupert goes berserk!
Rupert hits you with a +3 great mace of draining!
You feel drained. Rupert hits you but does no damage.
You feel drained.
You slice Rupert!!
You feel better.
Rupert is heavily wounded.
Rupert hits you with a +3 great mace of draining!!
You feel drained.
You hit Rupert but do no damage.
Rupert is heavily wounded.
Rupert hits you with a +3 great mace of draining!!
* * * LOW HITPOINT WARNING * * *
You feel drained. You block Rupert's attack.
You barely miss Rupert.
Rupert is heavily wounded.
Rupert hits you with a +3 great mace of draining!
* * * LOW HITPOINT WARNING * * *
You feel drained.
* * * LOW HITPOINT WARNING * * *
Rupert hits you with a +3 great mace of draining!!
You die...
Your body crumbles into a pile of gold.

+################
.................
......@@.........
.................
.................
#######+##........
.........#........
.........#........
.........'........
.....###.#........
.....###.##########


You could see Rupert (berserk).

Vanquished Creatures
  2 boulder beetles
  A two-headed ogre (D:10)
  Pikel (D:5)
  2 cyclopes (D:12)
  An ugly thing (D:11)
  2 manticores
  Maurice (D:9)
  2 unseen horrors
  Maggie (D:7)
  A troll (D:11)
  A hornet (D:9)
  Grinder (D:5)
  A vampire (D:11)
  Sigmund (D:2)
  A slime creature (D:12)
  2 shadows (D:11)
  12 yaks
  A steam dragon (D:8)
  6 vampire mosquitoes
  Grum (D:8)
  An acid dragon (D:11)
  Edmund (D:5)
  2 water moccasins (D:10)
  6 orc warriors
  2 ice beasts
  4 ogres
  A black bear (D:10)
  3 wolves (D:8)
  4 centaurs
  5 kobold brigands
  2 lemures (D:5)
  A phantom (D:6)
  9 bullfrogs
  2 gnoll sergeants
  4 scorpions
  5 wights (D:10)
  3 killer bees (D:9)
  3 howler monkeys
  8 orc priests
  6 hounds
  A jelly (D:8)
  4 iguanas
  3 sleepcaps
  Ijyb (D:3)
  3 orc wizards
  7 gnolls
  6 adders
  2 white imps
  An ufetubus (D:6)
  3 worms
  7 dart slugs
  38 orcs
  4 endoplasms
  3 giant cockroaches
  4 hobgoblins (D:2)
  9 jackals
  8 quokkas
  14 ball pythons
  2 bats (D:2)
  4 frilled lizards
  10 goblins
  35 kobolds
  8 rats
  A spectral orc (D:6)
291 creatures vanquished.

Vanquished Creatures (others)
  25 fungi (D:10)
  23 plants (D:10)
48 creatures vanquished.

Grand Total: 339 creatures vanquished

Notes
Turn   | Place    | Note
-------+----------+-------------------------------------------
     0 | D:1      | GigaChad the Formicid Fighter began the quest for the Orb.
     0 | D:1      | Reached XP level 1. HP: 18/18 MP: 1/1
   197 | D:1      | Reached XP level 2. HP: 18/24 MP: 2/2
   357 | D:1      | Identified a scroll of acquirement
   357 | D:1      | Acquired 1041 gold pieces
   599 | D:1      | Reached XP level 3. HP: 29/29 MP: 3/3
  1254 | D:2      | Reached skill level 3 in Axes
  1254 | D:2      | Reached XP level 4. HP: 34/35 MP: 4/4
  1260 | D:2      | Acquired a +8 heavy battleaxe
  1576 | D:2      | Noticed Sigmund
  1585 | D:2      | Killed Sigmund
  1586 | D:2      | Reached skill level 4 in Axes
  1586 | D:2      | Reached skill level 1 in Dodging
  1586 | D:2      | Reached XP level 5. HP: 35/42 MP: 5/5
  1586 | D:2      | Reached XP level 6. HP: 40/48 MP: 6/6
  1949 | D:3      | Reached skill level 5 in Shields
  2144 | D:3      | Noticed Ijyb
  2151 | D:3      | Killed Ijyb
  2266 | D:3      | Found a faded altar of an unknown god.
  2430 | D:4      | Reached skill level 5 in Axes
  2435 | D:4      | Reached XP level 7. HP: 51/54 MP: 7/7
  2454 | D:4      | Found an iron altar of Okawaru.
  2601 | D:4      | Found a snail-covered altar of Cheibriados.
  2959 | D:4      | Reached skill level 6 in Axes
  3180 | D:4      | Reached XP level 8. HP: 61/61 MP: 8/8
  3212 | D:5      | Entered Level 5 of the Dungeon
  3230 | D:5      | Reached skill level 5 in Armour
  3244 | D:5      | Noticed Grinder
  3252 | D:5      | Killed Grinder
  3253 | D:5      | Reached skill level 5 in Fighting
  3397 | D:5      | Reached skill level 7 in Axes
  3556 | D:5      | Noticed Edmund
  3565 | D:5      | Killed Edmund
  3662 | D:5      | Reached XP level 9. HP: 44/68 MP: 9/9
  3915 | D:5      | Noticed Pikel
  3922 | D:5      | Killed Pikel
  3923 | D:5      | Reached skill level 8 in Axes
  4293 | D:6      | Found Sachiv's Armour Shop.
  4304 | D:6      | Found Gaharuf's Book Shop.
  4371 | D:6      | Found a staircase to the Ecumenical Temple.
  4430 | D:6      | Acquired a +1 buckler of protection
  4452 | Temple   | Entered the Ecumenical Temple
  4590 | Temple   | Became a worshipper of Gozag Ym Sagoz the Greedy
  4660 | D:6      | Found a basalt altar of Yredelemnul.
  4957 | D:6      | Found Deogor's General Store.
  5104 | D:6      | Bought a potion of curing for 51 gold pieces
  5434 | D:7      | Noticed Maggie
  5436 | D:7      | Killed Maggie
  5437 | D:7      | Reached XP level 10. HP: 77/77 MP: 10/10
  5647 | D:7      | Found an ornate altar of the Wu Jian Council.
  5653 | D:7      | Reached skill level 9 in Axes
  6201 | D:8      | Noticed Grum
  6212 | D:8      | Killed Grum
  6213 | D:8      | Reached skill level 10 in Axes
  6351 | D:8      | Found a sacrificial altar of Ru.
  6589 | D:8      | Found a broken altar of Ashenzari.
  6785 | D:8      | Reached XP level 11. HP: 47/87 MP: 11/11
  7242 | D:9      | Found Bunaqun's Jewellery Shoppe.
  7384 | D:9      | Noticed Maurice
  7400 | D:9      | Killed Maurice
  7401 | D:9      | Reached skill level 11 in Axes
  7423 | D:9      | Acquired the +2 executioner's axe of Qomeab {vamp, rC+
                  | Stlth+}
  7457 | D:9      | Found a hide-covered altar of Uskayaw.
  7972 | D:9      | Found a runed translucent door.
  7972 | D:9      | Noticed patfeehan111222's ghost (novice MiBe)
  8072 | D:10     | Entered Level 10 of the Dungeon
  8100 | D:10     | Found a staircase to the Lair.
  8103 | D:10     | Noticed a two-headed ogre
  8111 | D:10     | Killed a two-headed ogre
  8118 | D:10     | Reached skill level 10 in Shields
  8463 | D:10     | Found an ancient bone altar of Kikubaaqudgha.
  8704 | D:10     | Noticed a manticore
  8714 | D:10     | Killed a manticore
  9320 | D:10     | Found a white marble altar of Elyvilon.
  9426 | D:11     | Reached skill level 12 in Axes
  9465 | D:11     | Noticed a green ugly thing
  9474 | D:11     | Killed a green ugly thing
  9489 | D:11     | Reached XP level 12. HP: 96/97 MP: 12/12
  9505 | D:11     | Found Nameulu's Armour Shop.
  9507 | D:11     | Found a staircase to the Orcish Mines.
  9720 | D:11     | Noticed a boulder beetle
  9746 | D:11     | Killed a boulder beetle
  9747 | D:11     | Reached skill level 10 in Fighting
 10177 | D:12     | Noticed a boulder beetle
 10184 | D:12     | Killed a boulder beetle
 10198 | D:12     | Noticed a seven-headed hydra
 10205 | D:12     | You fall into a shaft and drop 2 floors!
 10680 | D:14     | Found a shimmering blue altar of Sif Muna.
 10713 | D:14     | Noticed Rupert
 10725 | D:14     | Annihilated by Rupert

Illustrated notes

Levels and vault maps discovered:
D:1:      lemuel_arrival_rhombus, layout_basic
D:2:      layout_loops_ring, uniq_sigmund
D:3:      kennysheep_the_goblin_king, layout_basic,
          dreamdust_ecumenical_altar_angels_and_demons, corner_web_ring
D:4:      layout_loops_cross, okawaru_trees_2, overflow_temple_1_default,
          minmay_divided_ellipse
D:5:      layout_loops_cross, grunt_tough_drop, uniq_ijyb, uniq_edmund,
          uniq_pikel, uniq_grinder
D:6:      layout_loops_corners, yredelemnul_forgotten_temple_becter,
          minmay_temple_entry_tees, serial_shops, nicolae_shop_behind_doors,
          nicolae_take_the_stairs, nicolae_shop_waterfront, minivault_23
D:7:      layout_basic, nzn_wu_jian_contemplation, amcnicky_mini_pool_small,
          uniq_maggie
D:8:      layout_basic, amcnicky_altar_gilded, lemuel_tele_altar, uniq_grum
D:9:      layout_basic, nicolae_uskayaw_dance_studio, ebering_ghost_inner_flame,
          serial_shops, nicolae_shop_trees, uniq_maurice
D:10:     layout_stronghold, mainiacjoe_overflow_swirl,
          due_lair_maze_entry_diamond
D:11:     layout_rooms, orc_david_3
D:12:     minmay_nested_s, layout_loops_ring, portal_ice_cave_entry_pillars_1
D:14:     layout_stronghold, lemuel_blue_sif_altar, uniq_rupert
Temple:   nicolae_temple_figure_eight

Skill      XL: |  1  2  3  4  5  6  7  8  9 10 11 12 |
---------------+-------------------------------------+-----
Axes           | 3 4 5 6 7 8 10 12 | 12.8
Armour         | 4 5 7 8 9 |  9.9
Dodging        | 1 |  1.0
Fighting       | 4 5 6 8 9 10 | 10.5
Shields        | 5 6 7 9 10 | 10.9
Stealth        | |  0.2

Action                     |  1- 3 |  4- 6 |  7- 9 | 10-12 || total
---------------------------+-------+-------+-------+-------++-------
  Melee: War axe           |   138 |       |       |       ||   138
         Battleaxe         |       |    59 |   121 |    99 ||   279
         Executioner's axe |       |       |       |   185 ||   185
 Invoke: Call Merchant     |       |       |     1 |       ||     1
Ability: Dig               |       |       |       |     4 ||     4
         Shaft Self        |       |       |       |     1 ||     1
  Evoke: Wand              |       |       |       |     7 ||     7
    Use: Scroll            |     4 |     1 |     6 |     4 ||    15
   Stab: Distracted        |       |       |       |     6 ||     6
         Sleeping          |       |       |       |     1 ||     1
 Armour: Scale mail        |    37 |       |       |       ||    37
         Chain mail        |    42 |    41 |    76 |       ||   159
         Plate armour      |       |       |     1 |       ||     1
         Swamp dragon scal |       |       |       |   189 ||   189
  Dodge: Dodged            |    66 |    41 |    62 |   174 ||   343
  Block: Buckler           |    40 |    22 |    55 |   138 ||   255

Table legend: (Time is in decaauts)
 A = Elapsed time spent in this place.
 B = Non-inter-level travel time spent in this place.
 C = Inter-level travel time spent in this place.
 D = Time resting spent in this place.
 E = Time spent auto-exploring this place.
 F = Levels seen in this place.
 G = Mean time per level.
                   A        B        C        D        E       F      G
               +--------+--------+--------+--------+--------+-----+--------+
         Total |  11125 |  10840 |    285 |    934 |   7584 |  14 |  794.6 |
       Dungeon |  10944 |  10688 |    256 |    934 |   7444 |  13 |  841.8 |
        Temple |    180 |    151 |     29 |      0 |    140 |   1 |  180.0 |
               +--------+--------+--------+--------+--------+-----+--------+

Top non-repeatable levels by time:
    D:10: 1363 daAuts
     D:8: 1246 daAuts
     D:6: 1036 daAuts
     D:1: 1025 daAuts
     D:5: 977 daAuts
     D:9: 888 daAuts
     D:2: 838 daAuts
     D:4: 831 daAuts
     D:7: 718 daAuts
     D:3: 679 daAuts
    D:11: 549 daAuts
    D:14: 521 daAuts
    D:12: 268 daAuts
  Temple: 180 daAuts
